 Dungeon Crawl Stone Soup version 0.27-a0-1187-ge80a49f48c (webtiles) character file.

Game seed: 6641388346457282292

1117 Froggeryz the Grappler (level 8, -3/118 HPs)
             Began as a Troll Berserker on May 20, 2021.
             Was an Elder of Trog.
             Succumbed to Edmund's poison
             ... on level 5 of the Dungeon.
             The game lasted 00:06:07 (3771 turns).

Froggeryz the Grappler (Troll Berserker)            Turns: 3771, Time: 00:06:07

Health: -3/118     AC:  4    Str: 26    XL:     8   Next: 12%
Magic:  7/7        EV: 10    Int:  5    God:    Trog [****..]
Gold:   160        SH:  0    Dex:  9    Spells: 7/7 levels left

rFire    . . .     SeeInvis +     - Unarmed
rCold    . . .     Faith    .   (no shield)
rNeg     . . .     Spirit   .   a - +0 animal skin
rPois    .         Reflect  .   (helmet restricted)
rElec    .         Harm     .   (no cloak)
rCorr    .         Rampage  .   (gloves unavailable)
Will     .....                  (boots unavailable)
Stlth    ..........             (no amulet)
HPRegen  1.29/turn              r - ring of see invisible
MPRegen  0.10/turn              (no ring)

@: berserking, lethally poisoned (-3 -> -38), very quick
A: large, unfitting armour, claws 3, regeneration 1, shaggy fur 1, tough skin 1
a: Renounce Religion, Berserk, Trog's Hand, Brothers in Arms


You were on level 5 of the Dungeon.
You worshipped Trog.
Trog was greatly pleased with you.
You visited 1 branch of the dungeon, and saw 5 of its levels.
You also visited: Sewer.

You collected 160 gold pieces.

Inventory:

Missiles
 p - 15 poisoned darts (quivered)
Armour
 a - a +0 animal skin (worn)
Jewellery
 r - a ring of see invisible (left claw)
Scrolls
 c - a scroll of immolation
 d - 2 scrolls of blinking {unknown}
 h - 2 scrolls of identify {unknown}
 i - a scroll of fear {unknown}
 k - a scroll of magic mapping {unknown}
 n - a scroll of acquirement {unknown}
 t - a scroll of fog {unknown}
Potions
 b - a potion of flight {unknown}
 e - 4 potions of heal wounds {unknown}
 f - 3 potions of curing {unknown}
 g - 4 potions of invisibility {unknown}
 j - a potion of brilliance {unknown}
 l - a potion of berserk rage {unknown}
 m - 3 potions of degeneration {unknown}
 o - a potion of ambrosia {unknown}
 q - a potion of magic {unknown}
 s - a potion of attraction {unknown}


   Skills:
 + Level 4.3 Fighting
 - Level 2.4 Dodging
 * Level 9.1 Unarmed Combat


You had 7 spell levels left.
You didn't know any spells.
Your spell library contained the following spells:

 Spells                   Type           Power      Damage    Failure   Level
 Animate Skeleton         Necr           0%         N/A       47%         1
 Apportation              Tloc           0%         N/A       47%         1
 Corona                   Hex            0%         N/A       47%         1
 Summon Small Mammal      Summ           0%         N/A       47%         1


Dungeon Overview and Level Annotations

Branches:
Dungeon (5/15)              Sewer (visited)
 Temple: D:4-7

Altars:
Hepliaklqana
Trog

Shops:
D:1 **:[?   D:2 [   D:5 [


Innate Abilities, Weirdness & Mutations

You are too large for most types of armour.
You have claws for hands.
Your natural rate of healing is unusually fast.
You are covered in fur. (AC +1)
You have tough skin. (AC +1)


Message History

You are more poisoned.
You claw Edmund!
Edmund is heavily wounded.
You feel very sick.
Edmund hits you with a +1 dire flail of venom!
You are lethally poisoned!
You are too injured to fight recklessly!
You are too injured to fight recklessly!
You are too injured to fight recklessly!
You are too injured to fight recklessly!
You are too injured to fight recklessly!
You are too injured to fight recklessly!
You are too injured to fight recklessly!
You are too injured to fight recklessly!
You are too injured to fight recklessly!
You are too injured to fight recklessly!
You are too injured to fight recklessly!
A red film seems to cover your vision as you go berserk!
You feel yourself moving faster!
You feel mighty!
You feel extremely sick.
Edmund hits you with a +1 dire flail of venom!
* * * LOW HITPOINT WARNING * * *
You are more poisoned.
Edmund hits you with a +1 dire flail of venom.
* * * LOW HITPOINT WARNING * * *
You are more poisoned.
You claw Edmund!
Edmund is severely wounded.
* * * LOW HITPOINT WARNING * * *
You feel extremely sick.
Edmund clears his throat.
Edmund closely misses you.
You mangle Edmund!!
You feel the power of Trog in you as your rage grows.
You kill Edmund!
Trog accepts your kill.
* * * LOW HITPOINT WARNING * * *
You feel extremely sick.
Your Unarmed Combat skill increases to level 9!
You die...

..##.##......# #.....##...##
#.##.##......## ##.##..###.##
#.##.###.#.##.## ##..##.....##
#.##.#.........###.#.###.##.####
#.##.#.#.#.###.>>.##.# #.##....#
#.##.#.#.#.....#...#.###.##.##.#
#.##...........................#
#.##.......#########..#######..#
#......###.#....@..........[#..#
####.#.#...#...#...........##..#
##.##.....### ##)#.........#.##
#.###.......# ###.######..#.#
##.###.##.PP# ... .#.#
##.#.###...# ..... #.### ####.##
#...################.... #....#
#....................### #.####
#.#######.###..##...## #


There were no monsters in sight!

Vanquished Creatures
  Edmund (D:5)
  Purgy (Sewer)
  An ice beast (D:5)
  A black bear (D:5)
  A necrophage (D:3)
  A phantom (D:5)
  A kobold brigand (D:4)
  A water moccasin zombie (D:5)
  A water moccasin skeleton (D:4)
  A bullfrog zombie (D:5)
  An orc priest (D:4)
  A hound (D:5)
  An iguana (D:5)
  An orc wizard (D:4)
  A killer bee zombie (D:3)
  Robin (D:3)
  4 adders
  A river rat (D:3)
  A white imp (D:5)
  An ufetubus (D:4)
  4 dart slugs
  9 orcs
  11 ball pythons
  7 bats
  6 endoplasms
  5 giant cockroaches
  14 goblins
  9 hobgoblins
  15 jackals
  31 kobolds
  2 quokkas (D:2)
  2 frilled lizards (D:2)
  7 rats
145 creatures vanquished.

Vanquished Creatures (others)
  12 plants (D:4)
12 creatures vanquished.

Grand Total: 157 creatures vanquished

Notes
Turn   | Place    | Note
-------+----------+-------------------------------------------
     0 | D:1      | Froggeryz the Troll Berserker began the quest for the Orb.
     0 | D:1      | Reached XP level 1. HP: 22/22 MP: 0/0
    98 | D:1      | Found Xusiynwi's Magic Scroll Shop.
   147 | D:1      | Reached XP level 2. HP: 29/29 MP: 1/1
   166 | D:1      | Found Livuntom's Armour Shop.
   258 | D:1      | Reached skill level 4 in Unarmed Combat
   395 | D:1      | Found Losytuj's Book Emporium.
   471 | D:1      | Found Kitownokk's Assorted Antiques.
   506 | D:1      | Reached XP level 3. HP: 36/36 MP: 2/2
   568 | D:1      | Found a faded altar of an unknown god.
   585 | D:1      | Found Coodgheutt's Assorted Antiques.
   838 | D:2      | Reached ** piety under Trog
   856 | D:2      | Found a bloodstained altar of Trog.
  1082 | D:2      | Reached XP level 4. HP: 31/44 MP: 3/3
  1093 | D:2      | Reached skill level 5 in Unarmed Combat
  1290 | D:2      | Found Fewoixzi's Antique Armour Shop.
  1385 | D:3      | Noticed Robin
  1387 | D:3      | Noticed a necrophage
  1401 | D:3      | Killed a necrophage
  1402 | D:3      | Reached skill level 6 in Unarmed Combat
  1402 | D:3      | Reached XP level 5. HP: 37/50 MP: 4/4
  1421 | D:3      | Reached *** piety under Trog
  1433 | D:3      | Killed Robin
  1743 | D:3      | Found a glowing drain.
  1761 | Sewer    | Entered a sewer
  1821 | Sewer    | Noticed Purgy
  1828 | Sewer    | Killed Purgy
  1829 | Sewer    | Reached skill level 7 in Unarmed Combat
  1829 | Sewer    | Reached XP level 6. HP: 59/59 MP: 5/5
  2175 | D:4      | Found a hazy altar of Hepliaklqana.
  2372 | D:4      | Reached **** piety under Trog
  2754 | D:4      | Reached XP level 7. HP: 54/67 MP: 6/6
  3096 | D:5      | Entered Level 5 of the Dungeon
  3196 | D:5      | Reached skill level 8 in Unarmed Combat
  3247 | D:5      | Found Wiack's Antique Armour Boutique.
  3347 | D:5      | Reached ***** piety under Trog
  3644 | D:5      | Reached XP level 8. HP: 78/78 MP: 7/7
  3761 | D:5      | Noticed Edmund
  3770 | D:5      | Killed Edmund
  3770 | D:5      | HP: 5/117 [poisoned by Edmund]
  3771 | D:5      | Reached skill level 9 in Unarmed Combat
  3771 | D:5      | Succumbed to Edmund's poison

Illustrated notes

Levels and vault maps discovered:
D:1:      tarquinn_simple_flora_water_d, layout_basic,
          ebering_ecumenical_altar_abandoned, serial_shops,
          nicolae_shop_behind_doors, nicolae_shop_statue_plus, shop_statue,
          shop_statue, shop
D:2:      layout_rooms, basic_altar, serial_shops, shop
D:3:      layout_basic, portal_sewer_entry_b, kennysheep_pointless_box,
          uniq_robin
D:4:      kennysheep_kobold_camp, layout_loops_ring,
          nicolae_hepliaklqana_hazy_memory, minmay_goblin_outpost
D:5:      layout_loops_ring, serial_shops, nicolae_shop_trees,
          sigmund_edmund_badplayer

Skill      XL: |  1  2  3  4  5  6  7  8 |
---------------+-------------------------+-----
Unarmed Combat | 4 6 7 8 9 |  9.1
Fighting       | 3 4 |  4.3
Dodging        | |  2.4

Action                   |  1- 3 |  4- 6 |  7- 9 || total
-------------------------+-------+-------+-------++-------
Melee: Unarmed           |   133 |   162 |    78 ||   373
       Punch             |       |     3 |     2 ||     5
Throw: Dart              |       |     4 |       ||     4
Invok: Berserk           |       |     1 |     1 ||     2
  Use: Scroll            |       |     4 |       ||     4
Armor: Animal skin       |    63 |    49 |    18 ||   130
Dodge: Dodged            |    92 |    82 |    32 ||   206

Table legend: (Time is in decaauts)
 A = Elapsed time spent in this place.
 B = Non-inter-level travel time spent in this place.
 C = Inter-level travel time spent in this place.
 D = Time resting spent in this place.
 E = Time spent auto-exploring this place.
 F = Levels seen in this place.
 G = Mean time per level.
                   A        B        C        D        E       F      G
               +--------+--------+--------+--------+--------+-----+--------+
         Total |   3748 |   3669 |     79 |      1 |   2659 |   6 |  624.7 |
       Dungeon |   3615 |   3536 |     79 |      0 |   2612 |   5 |  723.0 |
         Sewer |    133 |    133 |      0 |      1 |     47 |   1 |  133.0 |
               +--------+--------+--------+--------+--------+-----+--------+

Top non-repeatable levels by time:
     D:4: 910 daAuts
     D:1: 820 daAuts
     D:3: 697 daAuts
     D:5: 665 daAuts
     D:2: 521 daAuts
   Sewer: 133 daAuts
